 Dungeon Sprint DCSS version 0.30-a0-381-g6ea064c7b4 (webtiles) character file.

Game seed: 13632662034033379287

17 rocky1 the Trooper (level 2, -4/49 HPs)
             Began as an Ogre Monk on Dec 2, 2022.
             Was an Elder of Cheibriados.
             Slain by a wolf (5 damage)
             ... in the Dungeon (Sprint VII: "The Pits").
             The game lasted 00:00:55 (112 turns).

rocky1 the Trooper (Ogre Monk)                       Turns: 112, Time: 00:00:55

Health: -4/49      AC:  3    Str: 23    XL:     2   Next: 62%
Magic:  2/3        EV: 11    Int: 20    God:    Cheibriados [****..]
Gold:   0          SH:  0    Dex: 20    Spells: 1/1 levels left

rFire   . . .      SeeInvis .    n - +2 mace
rCold   . . .      Faith    .    (no shield)
rNeg    . . .      Spirit   .    b - +0 robe
rPois   .          Reflect  .    (helmet restricted)
rElec   .          Harm     .    (no cloak)
rCorr   .          Rampage  .    (gloves unavailable)
Will    .....      NoTele   +    (boots unavailable)
Stlth   ..........               (no amulet)
HPRegen 0.28/turn                (no ring)
MPRegen 0.08/turn                (no ring)

@: berserking (expiring), very slow
A: large, unfitting armour, tough skin 1
a: Renounce Religion, Bend Time, Temporal Distortion, Slouch


You were in the Dungeon.
You worshipped Cheibriados.
Cheibriados was greatly pleased with you.
You visited 1 branch

Inventory:

Hand Weapons
 a - a +0 mace
 m - a +2 hand axe
 n - a +2 mace (weapon)
Armour
 b - a +0 robe (worn)
Scrolls
 i - a scroll of blinking
 k - 5 scrolls of amnesia
 l - a scroll of summoning
Potions
 c - a potion of ambrosia
 d - a potion of curing
 f - a potion of haste
 g - 4 potions of magic
 h - 2 potions of berserk rage
 j - 2 potions of invisibility


   Skills:
 + Level 4.8 Fighting
 * Level 1.0(3.0) Axes
 * Level 4.1(4.2) Maces & Flails
 + Level 3.1 Dodging
 + Level 1.5 Stealth
 * Level 1.7 Invocations


You had one spell level left.
You didn't know any spells.
Your spell library was empty.

Dungeon Overview and Level Annotations

Branches:
Dungeon (1/1)

Altars:
Ashenzari
Cheibriados
Dithmenos
Elyvilon
Fedhas
Gozag
Hepliaklqana
Kikubaaqudgha
Makhleb
Nemelex Xobeh
Okawaru
Qazlal
Ru
Sif Muna
Trog
Uskayaw
Vehumet
Wu Jian
Xom
Yredelemnul
Zin
The Shining One
Jiyva
Lugonu


Innate Abilities, Weirdness & Mutations

You are too large for most types of armour.
You have tough skin. (AC +1)


Message History

The wolf stops to sniff the ground.
The orc hits you but does no damage.
You hit the orc.
The orc is heavily wounded.
The orc barely misses you.
You barely miss the orc.
The orc is heavily wounded.
The orc completely misses you.
You sock the orc!
You kill the orc!
Cheibriados thoroughly appreciates the change of pace.
You can now inflict damage on those overly hasty.
Cheibriados raises the support of your attributes as your movement slows.
The wolf bites you!
You hit the wolf.
The wolf is lightly wounded.
The wolf barely misses you. The wolf bites you.
Okay, then.
Unknown command.
You feel much better. The wolf bites you! The wolf bites you.
A red film seems to cover your vision as you go berserk!
Cheibriados forces you to slow down.
You feel mighty! The wolf bites you.
You sock the wolf!
The wolf is heavily wounded.
The wolf barely misses you. The wolf closely misses you.
You miss the wolf.
The wolf is heavily wounded.
The wolf bites you. x2
* * * LOW HITPOINT WARNING * * *
You closely miss the wolf.
The wolf is heavily wounded.
The wolf bites you.
* * * LOW HITPOINT WARNING * * *
The wolf completely misses you. The wolf bites you!
* * * LOW HITPOINT WARNING * * *
You closely miss the wolf.
The wolf is heavily wounded.
The wolf bites you.
You die...

#.?(.').)'.##......#.
##########.##........
#..........)'........
#+#####'#####......#.
#.†#..# #........
#..'†.# ####'####
#..#### #.......#
#..#hK# #.......#
#.@#..# #.......#
##h#..#+###...<...#
#.K......##.......#
#........##.......#
###########.......#
#########


You could see a wolf and a kobold.

Vanquished Creatures
  An adder (D)
  An orc (D)
  A giant cockroach (D)
  A goblin (D)
  A hobgoblin (D)
  2 frilled lizards (D)
  A jackal zombie (D)
8 creatures vanquished.

Notes
Turn   | Place    | Note
-------+----------+-------------------------------------------
     0 | D        | rocky1 the Ogre Monk began the quest for the Orb.
     0 | D        | Reached XP level 1. HP: 24/24 MP: 1/1
    17 | D        | Found a bloodstained altar of Trog.
    17 | D        | Found a shimmering blue altar of Sif Muna.
    17 | D        | Found a viscous altar of Jiyva.
    17 | D        | Found a hazy altar of Hepliaklqana.
    17 | D        | Found an opulent altar of Gozag.
    18 | D        | Found a glowing golden altar of the Shining One.
    18 | D        | Found a glowing silver altar of Zin.
    18 | D        | Found a basalt altar of Yredelemnul.
    18 | D        | Found a shimmering altar of Xom.
    18 | D        | Found an ornate altar of the Wu Jian Council.
    18 | D        | Found a sacrificial altar of Ru.
    18 | D        | Found a stormy altar of Qazlal.
    18 | D        | Found an iron altar of Okawaru.
    18 | D        | Found a sparkling altar of Nemelex Xobeh.
    18 | D        | Found a burning altar of Makhleb.
    18 | D        | Found a blossoming altar of Fedhas.
    18 | D        | Found a white marble altar of Elyvilon.
    18 | D        | Found a shadowy altar of Dithmenos.
    18 | D        | Found a snail-covered altar of Cheibriados.
    21 | D        | Found a corrupted altar of Lugonu.
    21 | D        | Found a radiant altar of Vehumet.
    22 | D        | Found an ancient bone altar of Kikubaaqudgha.
    22 | D        | Found a hide-covered altar of Uskayaw.
    22 | D        | Found a broken altar of Ashenzari.
    29 | D        | Became a worshipper of Cheibriados the Contemplative
    29 | D        | Reached * piety under Cheibriados
    29 | D        | Reached ** piety under Cheibriados
    73 | D        | Reached skill level 1 in Invocations
    77 | D        | Reached *** piety under Cheibriados
    88 | D        | Noticed a wolf
    98 | D        | Reached skill level 1 in Axes
    98 | D        | Reached XP level 2. HP: 26/33 MP: 1/3
   105 | D        | Reached **** piety under Cheibriados
   111 | D        | HP: 1/49 [wolf (8)]
   112 | D        | Slain by a wolf

Illustrated notes

Levels and vault maps discovered:
D:        pitsprint [storerooms_1, entrance_room_1, metal_vault_2, armoury_3,
          mini_pit_1, grid_room_1, main_hall_1, silver_pit, the_coven_3,
          the_vestibule_1, steel_vault_1, golden_pit, hallway_of_sentries,
          crystal_vault_6, iron_vault_1, final_vault]

Skill      XL: |  1 |
---------------+----+-----
Maces & Flails | 4 |  4.1
Invocations    | 1 |  1.7
Dodging        | 3 |  3.1
Axes           | 1 |  1.0
Fighting       | |  4.8
Stealth        | |  1.5

Action                   || total
-------------------------++-------
Melee: Mace              ||    28
  Use: Potion            ||     2
Armor: Robe              ||     7
Dodge: Dodged            ||    14

Table legend: (Time is in decaauts)
 A = Elapsed time spent in this place.
 B = Non-inter-level travel time spent in this place.
 C = Inter-level travel time spent in this place.
 D = Time resting spent in this place.
 E = Time spent auto-exploring this place.
 F = Levels seen in this place.
 G = Mean time per level.
                   A        B        C        D        E       F      G
               +--------+--------+--------+--------+--------+-----+--------+
         Total |    140 |    140 |      0 |      0 |      0 |   1 |  140.0 |
       Dungeon |    140 |    140 |      0 |      0 |      0 |   1 |  140.0 |
               +--------+--------+--------+--------+--------+-----+--------+

Top non-repeatable levels by time:
       D: 140 daAuts
